 Dungeon Crawl Stone Soup version 0.18-a0-514-ga7d9996 (webtiles) character file.

138 ReteAZ the Chopper (level 5, -16/47 HPs)
             Began as a Hill Orc Fighter on Dec 3, 2015.
             Demolished by feamirim's ghost (18 damage)
             ... on level 3 of the Dungeon.
             The game lasted 00:02:34 (1579 turns).

ReteAZ the Chopper (Hill Orc Fighter)               Turns: 1579, Time: 00:02:35

Health: -16/47     AC:  8    Str: 25    XL:     5   Next: 21%
Magic:  5/5        EV:  7    Int:  8    God:
Gold:   124        SH:  9    Dex: 10    Spells: 0 memorised, 4 levels left

rFire  . . .     SeeInvis .     a - +0 war axe
rCold  . . .     Clarity  .     b - +0 scale mail
rNeg   . . .     SustAt   .     c - +0 shield
rPois  .         Gourm    .     (no helmet)
rElec  .         Spirit   .     (no cloak)
rCorr  .         Dismiss  .     (no gloves)
rMut   .         Rnd*Tele +     r - +0 pair of boots
MR     .....                    (no amulet)
Stlth  ..........               (no ring)
                                o - ring of teleportation

@: mighty, not resistant to hostile enchantments, extremely unstealthy
A: no striking features
a: Evoke Teleportation


You were on level 3 of the Dungeon.
You were hungry.

You visited 1 branch of the dungeon, and saw 3 of its levels.

You collected 124 gold pieces.

Inventory:

Hand Weapons
 a - a +0 war axe (weapon)
Armour
 b - a +0 scale mail (worn)
 c - a +0 shield (worn)
 r - a +0 pair of boots (worn)
Jewellery
 o - a ring of teleportation (left hand)
Scrolls
 g - 3 scrolls of remove curse
 i - a scroll of fear {unknown}
 j - a scroll of enchant weapon {unknown}
 k - a scroll of blinking {unknown}
 n - a scroll of enchant armour {unknown}
 s - a scroll of teleportation {unknown}
Potions
 d - a potion of might
 f - a potion of curing {unknown}
 h - a potion of flight {unknown}
 p - a potion of haste {unknown}
Comestibles
 e - 3 bread rations {@e1}
 l - 4 fruits
 m - a slice of pizza
 q - a beef jerky


   Skills:
 + Level 4.8 Fighting
 * Level 5.3 Axes
 + Level 4.0 Armour
 - Level 3.2 Shields


You had 4 spell levels left.
You didn't know any spells.

Dungeon Overview and Level Annotations

Branches:
Dungeon (3/15)

Altars:

Annotations:
D:3 feamirim's ghost, amateur DsBe


Message History

You are electrocuted!
You slash feamirim's ghost!
Feamirim's ghost is moderately damaged.
You are feeling hungry.
Feamirim's ghost hits you.
You barely miss feamirim's ghost.
Feamirim's ghost is moderately damaged.
You block feamirim's ghost's attack.
You slash feamirim's ghost!
Feamirim's ghost is heavily damaged.
Feamirim's ghost hits you but does no damage.
You are electrocuted!
* * * LOW HITPOINT WARNING * * *
You hit feamirim's ghost but do no damage.
Feamirim's ghost is heavily damaged.
Feamirim's ghost hits you.
* * * LOW HITPOINT WARNING * * *
Feamirim's ghost hits you but does no damage.
You are electrocuted!
You die...

## ... ....
.....#################
[..%.'.........W@...<#
.....#################
.... ... ##


You could see feamirim's ghost.

Vanquished Creatures
  Jessica (D:2)
  Terence (D:2)
  4 adders (D:2)
  2 worms (D:2)
  2 giant geckos
  4 bats
  3 giant cockroaches (D:1)
  4 hobgoblins
  7 jackals
  5 kobolds
  A quokka (D:2)
  2 giant newts (D:2)
  6 goblins
  7 rats (D:2)
49 creatures vanquished.

Notes
Turn   | Place    | Note
--------------------------------------------------------------
     0 | D:1      | ReteAZ the Hill Orc Fighter began the quest for the Orb.
     0 | D:1      | Reached XP level 1. HP: 19/19 MP: 1/1
   141 | D:1      | Reached XP level 2. HP: 25/27 MP: 2/2
   380 | D:1      | Reached skill level 4 in Fighting
   634 | D:2      | Noticed Jessica
   637 | D:2      | Killed Jessica
   637 | D:2      | Reached XP level 3. HP: 33/33 MP: 3/3
   678 | D:2      | Reached XP level 4. HP: 41/41 MP: 4/4
   850 | D:2      | Noticed Terence
   865 | D:2      | Killed Terence
   901 | D:2      | Reached skill level 5 in Axes
   995 | D:2      | Reached XP level 5. HP: 35/47 MP: 5/5
  1557 | D:3      | Noticed feamirim's ghost (amateur DsBe)
  1579 | D:3      | HP: 2/47 [feamirim's ghost (4)]
  1579 | D:3      | Demolished by feamirim's ghost

Vault maps used:
D:1:      scummos_arrival_star
D:2:      grunt_ministairs_2, uniq_jessica, uniq_terence
D:3:      gammafunk_temple_overflow_pools, lemuel_doored_altar, first_bread,
          minmay_misc_feat_iff, uniq_iyjb, uniq_grinder, uniq_natasha

Action                   |  1- 3 |  4- 6 || total
-------------------------+-------+-------++-------
Melee: War axe           |    81 |    86 ||   167
  Use: Scroll            |       |     1 ||     1
       Potion            |       |     1 ||     1
  Eat: Chunk             |       |     2 ||     2
